 Dungeon Crawl Stone Soup version 0.27-a0-1181-g5f64966fcc (webtiles) character file.

Game seed: 3294559118208690162

3073 dduke234 the Grappler (level 9, -8/74 HPs)
             Began as a Troll Monk on May 17, 2021.
             Was an Initiate of Ashenzari.
             Mangled by a yak (12 damage)
             ... on level 8 of the Dungeon.
             The game lasted 00:16:39 (6091 turns).

dduke234 the Grappler (Troll Monk)                  Turns: 6091, Time: 00:16:39

Health: -8/74      AC: 15    Str: 23 (24) XL:     9   Next: 58%
Magic:  8/8        EV:  8    Int:  3 (6)  God:    Ashenzari [......]
Gold:   795        SH:  0    Dex: 12 (14) Spells: 8/8 levels left

rFire    + . .     SeeInvis .     - Unarmed
rCold    + . .     Faith    .   (no shield)
rNeg     . . .     Spirit   .   n - +1 shadow dragon scales
rPois    +         Reflect  .   (helmet restricted)
rElec    +         Harm     .   (no cloak)
rCorr    +         Rampage  .   (gloves unavailable)
Will     .....                  (boots unavailable)
Stlth    ++++......             (no amulet)
HPRegen  1.22/turn              (no ring)
MPRegen  0.11/turn              (no ring)

@: resistant, flying, very slightly contaminated, slowed, invisible, very slow
A: large, unfitting armour, claws 3, regeneration 1, shaggy fur 1, tough skin 1,
thin skeletal structure 1, deterioration 1, frail 1
a: Renounce Religion, Curse Item


You were on level 8 of the Dungeon.
You worshipped Ashenzari.
Ashenzari was noncommittal.
You visited 2 branches of the dungeon, and saw 9 of its levels.

You collected 795 gold pieces.

Inventory:

Armour
 a - a +0 robe
 n - +1 shadow dragon scales (worn)
Wands
 d - a wand of polymorph (4)
 p - a wand of iceblast (6)
Scrolls
 h - a scroll of teleportation
 i - 2 scrolls of fear
 k - a scroll of fog
 m - 5 scrolls of identify
 o - a scroll of enchant weapon
 q - a scroll of immolation
 t - a scroll of amnesia
Potions
 b - a potion of flight
 c - a potion of attraction
 e - 2 potions of degeneration
 f - a potion of haste
 l - a potion of magic
 r - a potion of brilliance


   Skills:
 + Level 3.2 Fighting
 + Level 5.3 Armour
 - Level 5.6 Dodging
 - Level 2.7 Stealth
 + Level 9.2 Unarmed Combat


You had 8 spell levels left.
You didn't know any spells.
Your spell library contained the following spells:

 Spells                   Type           Power      Damage    Failure   Level
 Corona                   Hex            0%         N/A       99%         1
 Foxfire                  Conj/Fire      0%         2x1d4     99%         1
 Ensorcelled Hibernation  Hex/Ice        0%         N/A       100%        2
 Confusing Touch          Hex            0%         N/A       100%        3
 Conjure Flame            Conj/Fire      0%         6-21      100%        3
 Dazzling Flash           Conj/Hex       0%         N/A       100%        3
 Inner Flame              Hex/Fire       0%         N/A       100%        3
 Tukima's Dance           Hex            0%         N/A       100%        3
 Sticky Flame             Conj/Fire      0%         2d3       100%        4
 Fireball                 Conj/Fire      0%         3d3       100%        5


Dungeon Overview and Level Annotations

Branches:
Dungeon (8/15)             Temple (1/1) D:6
   Lair: D:8-11

Altars:
Ashenzari
Cheibriados
Elyvilon
Fedhas
Gozag
Hepliaklqana
Nemelex Xobeh
Qazlal
Sif Muna
Trog
Uskayaw
Vehumet
Xom
Zin
The Shining One

Shops:
D:5 [

Annotations:
D:8 Erica


Innate Abilities, Weirdness & Mutations

You are too large for most types of armour.
You have claws for hands.
Your natural rate of healing is unusually fast.
You are covered in fur. (AC +1)
You have tough skin. (AC +1)
You have a somewhat thin skeletal structure. (Dex +2, Stealth+)
Your body sometimes deteriorates upon taking damage.
You are frail. (-10% HP)


Message History

* * * LOW HITPOINT WARNING * * *
Something completely misses you.
Your surroundings suddenly seem different. 6 yaks come into view.
Okay, then.
The yak bellows! x2
The yak bellows!
The yak gores you but does no damage.
The yak bellows! x4
You catch the helpless yak completely off-guard!
You claw the yak!
The yak is moderately wounded.
The yak gores you but does no damage.
You claw the yak!
The yak is heavily wounded.
The yak bellows!
The yak closely misses you.
The yak gores you but does no damage. x2
The yak closely misses you.
You claw the yak! You claw the yak, but do no damage.
The yak is severely wounded.
The yak gores you. The yak barely misses you. The yak gores you.
The yak gores you!
Your body deteriorates!
You feel dopey. The yak gores you but does no damage.
You catch the helpless yak completely off-guard!
You scratch the yak.
The yak is almost dead.
The yak gores you.
* * * LOW HITPOINT WARNING * * *
The yak gores you.
* * * LOW HITPOINT WARNING * * *
The yak barely misses you. x2; The yak gores you.
* * * LOW HITPOINT WARNING * * *
The yak gores you!
* * * LOW HITPOINT WARNING * * *
You feel very buoyant.
You fly up into the air.
The yak barely misses you. x2; The yak gores you.
* * * LOW HITPOINT WARNING * * *
The yak closely misses you. The yak gores you!
You die...

####
##...##
##.....##
#Y@Y....#
#YYY......
#.......##
.Y.....##
.##.....#
..
.......#
..
.......#
...
########


You could see 6 yaks.

Vanquished Creatures
  Joseph (D:7)
  Maggie (D:6)
  A hornet (D:7)
  A meliai zombie (D:6)
  A wraith (D:7)
  The ghost of ardl the Poker, an amateur FoAK of Lugonu (D:4)
  A water moccasin (D:6)
  3 ice beasts
  A black bear (D:5)
  3 sky beasts
  3 ogres
  A centaur (D:6)
  A water moccasin skeleton (D:5)
  5 wights (D:6)
  4 hounds
  An orc priest (D:6)
  A bullfrog skeleton (D:6)
  2 jellies
  Jessica (D:2)
  An iguana (D:4)
  A hound skeleton (D:5)
  A howler monkey zombie (D:7)
  5 adders
  2 ufetubi
  2 adder skeletons
  3 worms
  4 dart slugs
  9 orcs
  7 bats
  2 endoplasms (D:2)
  2 giant cockroaches
  7 goblins
  11 hobgoblins
  2 quokkas
  5 ball pythons
  2 frilled lizards (D:1)
  15 kobolds
  2 rats (D:1)
  2 bushes (D:1)
118 creatures vanquished.

Vanquished Creatures (others)
  10 plants (D:1)
10 creatures vanquished.

Grand Total: 128 creatures vanquished

Notes
Turn   | Place    | Note
-------+----------+-------------------------------------------
     0 | D:1      | dduke234 the Troll Monk began the quest for the Orb.
     0 | D:1      | Reached XP level 1. HP: 22/22 MP: 0/0
   114 | D:1      | Reached XP level 2. HP: 29/29 MP: 1/1
   667 | D:1      | Found a faded altar of an unknown god.
   961 | D:2      | Reached XP level 3. HP: 24/36 MP: 2/2
   972 | D:2      | Noticed Jessica
  1042 | D:2      | Killed Jessica
  1106 | D:2      | Reached XP level 4. HP: 44/44 MP: 3/3
  1106 | D:2      | Identified a scroll of acquirement
  1106 | D:2      | Acquired 421 gold pieces
  2073 | D:4      | Noticed ardl's ghost (amateur FoAK)
  2077 | D:4      | Found a runed translucent door.
  2115 | D:4      | Reached XP level 5. HP: 50/50 MP: 4/4
  2419 | D:4      | Found a bloodstained altar of Trog.
  2590 | D:4      | Noticed an ogre
  2606 | D:4      | Killed an ogre
  2636 | D:4      | Reached XP level 6. HP: 59/59 MP: 5/5
  2817 | D:4      | Killed ardl's ghost
  2818 | D:4      | Reached skill level 5 in Dodging
  2886 | D:5      | Entered Level 5 of the Dungeon
  3180 | D:5      | Reached XP level 7. HP: 66/66 MP: 6/6
  3180 | D:5      | Acquired +1 shadow dragon scales
  3409 | D:5      | Reached skill level 4 in Unarmed Combat
  3467 | D:5      | Found Pyceaxa's Armour Emporium.
  3820 | D:6      | Reached skill level 1 in Armour
  3850 | D:6      | Reached skill level 5 in Unarmed Combat
  3850 | D:6      | Reached XP level 8. HP: 41/74 MP: 7/7
  3961 | D:6      | Reached skill level 6 in Unarmed Combat
  3992 | D:6      | Found a staircase to the Ecumenical Temple.
  4034 | Temple   | Entered the Ecumenical Temple
  4263 | Temple   | Became a worshipper of Ashenzari the Shackled
  4264 | Temple   | Gained mutation: Your body sometimes deteriorates upon
                  | taking damage. [potion of mutation]
  4264 | Temple   | Gained mutation: You are frail. (-10% HP) [potion of
                  | mutation]
  4264 | Temple   | Gained mutation: You have a somewhat thin skeletal
                  | structure. (Dex +2, Stealth+) [potion of mutation]
  4795 | D:6      | Reached skill level 7 in Unarmed Combat
  4945 | D:6      | Noticed Maggie
  4956 | D:6      | Killed Maggie
  4957 | D:6      | Reached XP level 9. HP: 53/72 MP: 8/8
  5079 | D:7      | Noticed Joseph
  5092 | D:7      | Killed Joseph
  5093 | D:7      | Reached skill level 8 in Unarmed Combat
  5425 | D:7      | Reached skill level 5 in Armour
  5552 | D:7      | Reached skill level 9 in Unarmed Combat
  5715 | D:7      | Found a radiant altar of Vehumet.
  6038 | D:8      | Noticed Erica
  6066 | D:8      | HP: 1/74 [something (5)]
  6091 | D:8      | Mangled by a yak

Illustrated notes

Levels and vault maps discovered:
D:1:      lemuel_arrival_lava_pool, layout_loops_ring,
          shapermc_ecumenical_altar_mp_urbaneastern, lexackson_kobold_supper
D:2:      layout_rooms, uniq_jessica
D:3:      layout_rooms, st_stairs_13
D:4:      layout_gridville, general_overflow_altar,
          hellmonk_ghost_happy_afterlife
D:5:      layout_basic, serial_shops, nicolae_shop_trees
D:6:      layout_basic, minmay_temple_entry_poolview, minmay_misc_feat_tower,
          uniq_maggie
D:7:      layout_loops_corners, nicolae_vehumet_altar_sigil,
          minmay_misc_feat_rows, minivault_27, uniq_joseph
D:8:      layout_rooms, nicolae_ru_the_path_less_chosen,
          minmay_overflow_temple_star_hex, david_lair_shrubbed, uniq_erica,
          uniq_prince_ribbit1
Temple:   nicolae_temple_figure_eight

Skill      XL: |  1  2  3  4  5  6  7  8  9 |
---------------+----------------------------+-----
Dodging        | 3 4 5 |  5.6
Stealth        | 2 |  2.7
Unarmed Combat | 5 7 9 |  9.2
Armour         | 2 4 5 |  5.3
Fighting       | 3 |  3.2

Action                   |  1- 3 |  4- 6 |  7- 9 || total
-------------------------+-------+-------+-------++-------
Melee: Unarmed           |   235 |   138 |   206 ||   579
       Punch             |     5 |     3 |    11 ||    19
  Use: Scroll            |       |     7 |     5 ||    12
       Potion            |       |     6 |     6 ||    12
 Stab: Sleeping          |     2 |     6 |    14 ||    22
       Invisible         |       |       |     4 ||     4
Armor: Robe              |    48 |    19 |       ||    67
       Shadow dragon sca |       |       |   125 ||   125
Dodge: Dodged            |   106 |    67 |    85 ||   258

Table legend: (Time is in decaauts)
 A = Elapsed time spent in this place.
 B = Non-inter-level travel time spent in this place.
 C = Inter-level travel time spent in this place.
 D = Time resting spent in this place.
 E = Time spent auto-exploring this place.
 F = Levels seen in this place.
 G = Mean time per level.
                   A        B        C        D        E       F      G
               +--------+--------+--------+--------+--------+-----+--------+
         Total |   6038 |   5693 |    345 |      0 |   4467 |   9 |  670.9 |
       Dungeon |   5739 |   5531 |    208 |      0 |   4312 |   8 |  717.4 |
        Temple |    298 |    161 |    137 |      0 |    155 |   1 |  298.0 |
               +--------+--------+--------+--------+--------+-----+--------+

Top non-repeatable levels by time:
     D:6: 1028 daAuts
     D:7: 977 daAuts
     D:1: 937 daAuts
     D:4: 920 daAuts
     D:5: 831 daAuts
     D:2: 601 daAuts
     D:3: 379 daAuts
  Temple: 298 daAuts
     D:8: 63 daAuts
